Map: Acolyte LE

Players

Winthrowe - Winner!

  • Race: Terran Terran
  • League: Silver
  • Spawn Location: 7:00

A.I. 1 (Harder)

  • Race: Protoss Protoss
  • Spawn Location: 1:00

VOD

Have the link to the VOD?

Description

Time

  • Played on: Aug. 20, 2017, 2:48 p.m.
  • Length: 11:44
Show
View Real Time Build Order
Export as new Build Order

Winthrowe Terran - Winner!

Build Orders: MMM Bio 

Get SALT Encoding   

  12  0:01  SCV  
  13  0:13  SCV  
  14  0:22  Supply Depot  
  14  0:25  SCV  
  15  0:43  SCV  
  15  0:45  Barracks  
  16  0:55  SCV  
  17  1:07  SCV  
  17  1:10  Supply Depot  
  18  1:19  SCV  
  19  1:31  Marine  
  19  1:32  SCV  
  21  1:44  SCV  
  22  1:55  Command Center, Refinery  
  22  1:56  SCV  
  22  1:59  Refinery  
  23  2:04  Marine  
  24  2:12  SCV  
  25  2:16  Barracks  
  25  2:22  Marine  
  26  2:28  SCV  
  27  2:43  Orbital Command  
  27  2:50  Engineering Bay  
  27  2:58  Marine  
  28  3:13  Engineering Bay  
  28  3:14  Barracks Tech Lab  
  28  3:18  Planetary Fortress  
  28  3:34  Marauder  
  30  3:37  Stimpack  
  30  3:49  Barracks Reactor  
  30  3:55  Factory, SCV x2  
  32  4:07  SCV x2  
  34  4:16  Marauder  
  36  4:19  SCV  
  36  4:20  SCV  
  38  4:25  Command Center  
  38  4:31  SCV  
  38  4:32  SCV  
  38  4:37  Marine  
  41  4:43  Marine x2, SCV  
  41  4:44  SCV  
  45  4:58  Starport  
  45  5:01  Marine  
  45  5:02  Supply Depot  
  46  5:23  Marine  
  46  5:24  Marauder  
  46  5:25  Supply Depot  
  49  5:35  Marine  
  49  5:41  Marine  
  49  5:42  Combat Shields  
  51  5:45  Marauder  
  51  5:47  Medivac  
  51  5:48  Supply Depot  
  55  5:53  Marine, Cyclone  
  59  6:00  SCV x3  
  62  6:05  Marine  
  62  6:07  Marauder  
  62  6:11  Marine, Supply Depot  
  65  6:12  SCV x3  
  65  6:17  Medivac  
  71  6:23  Marine  
  71  6:24  SCV x2  
  71  6:25  SCV  
  75  6:28  Marauder  
  75  6:32  Marine  
  78  6:35  Hellion  
  78  6:36  SCV x2  
  78  6:37  SCV  
  83  6:41  Marine  
  84  6:49  Marine, Marauder  
  84  6:52  Barracks  
  87  6:56  Hellion  
  87  6:58  Marine  
  87  7:00  Concussive Shells  
  90  7:07  Marine  
  91  7:10  Supply Depot  
  91  7:11  Marauder  
  93  7:16  Marine  
  94  7:23  Medivac  
  94  7:25  Marine  
  97  7:30  SCV x3  
  97  7:32  Marauder  
  97  7:33  Supply Depot  
  97  7:34  Marine  
  103  7:42  SCV x2  
  103  7:43  Marine, SCV  
  107  7:52  Marine  
  107  7:53  Medivac, Marauder  
  107  7:56  Supply Depot, Cyclone  
  115  8:01  Marine  
  116  8:10  Marine  
  117  8:15  Marauder  
  117  8:18  Marine, Supply Depot  
  120  8:28  Marine  
  121  8:36  Marine, Marauder  
  121  8:47  Marine  
  113  8:54  Marine  
  109  8:58  Marauder  
  111  9:05  Marine  
  111  9:12  Marine  
  108  9:19  Marauder  
  108  9:23  Marine  
  111  9:30  Marine  
  111  9:40  Marine, Marauder  
  114  9:48  Marine  
  115  9:58  Marine  
  116  10:02  Marauder  
  116  10:05  Marine  
  119  10:16  Marine  
  120  10:23  Marine, Marauder  
  120  10:25  Medivac  
  125  10:34  Marine  
  126  10:41  Marine  
  127  10:45  Marauder  
  129  10:52  Marine  
  129  10:54  Medivac  
  132  10:59  Marine  
  133  11:06  Marauder  
Show
View Real Time Build Order
Export as new Build Order

A.I. 1 (Harder) Protoss 

Build Orders:  

Get SALT Encoding   

  12  0:01  Probe (Chrono Boost)  
  13  0:11  Probe (Chrono Boost)  
  14  0:20  Pylon  
  14  0:22  Probe (Chrono Boost)  
  15  0:38  Probe (Chrono Boost)  
  16  0:47  Assimilator  
  16  0:49  Probe (Chrono Boost)  
  17  0:51  Gateway  
  17  0:59  Probe (Chrono Boost)  
  17  1:00  Pylon  
  18  1:10  Probe (Chrono Boost)  
  19  1:22  Probe (Chrono Boost)  
  20  1:36  Zealot  
  22  1:41  Gateway  
  22  1:44  Cybernetics Core  
  22  1:46  Assimilator  
  22  2:01  Pylon  
  22  2:18  Adept  
  22  2:19  Warp Gate  
  24  2:30  Stalker  
  26  2:43  Zealot  
  26  2:49  Pylon  
  28  2:59  Adept  
  30  3:08  Adept  
  32  3:23  Pylon  
  32  3:25  Stalker  
  34  3:34  Stalker  
  36  3:43  Probe (Chrono Boost)  
  37  3:54  Stalker, Probe (Chrono Boost)  
  40  4:03  Zealot  
  40  4:04  Pylon  
  40  4:06  Probe (Chrono Boost)  
  43  4:15  Forge  
  44  4:18  Probe (Chrono Boost)  
  44  4:29  Probe (Chrono Boost)  
  45  4:32  Adept  
  47  4:40  Probe (Chrono Boost)  
  47  4:42  Adept  
  50  4:52  Adept  
  52  5:58  Protoss Ground Weapons Level 1  
  52  6:04  Sentry  
  54  6:05  Gateway  
  54  6:06  Photon Cannon  
  54  6:08  Photon Cannon  
  54  6:11  Zealot, Nexus, Robotics Facility  
  56  6:14  Pylon  
  56  6:25  Stalker  
  58  6:32  Stalker  
  60  6:38  Pylon  
  60  6:47  Sentry  
  60  6:48  Twilight Council  
  62  6:54  Stalker  
  62  7:01  Observer  
  65  7:02  Stalker  
  65  7:06  Stargate  
  67  7:13  Forge  
  67  7:17  Blink  
  67  7:22  Observer  
  68  7:25  Probe x2 (Chrono Boost)  
  70  7:33  Pylon  
  70  7:36  Probe (Chrono Boost)  
  71  7:37  Protoss Ground Armor Level 1  
  71  7:38  Pylon  
  71  7:40  Probe (Chrono Boost)  
  72  7:47  Probe (Chrono Boost)  
  74  7:51  Probe (Chrono Boost)  
  75  7:59  Probe (Chrono Boost)  
  75  8:00  Photon Cannon  
  75  8:02  Probe (Chrono Boost)  
  76  8:07  Photon Cannon  
  76  8:10  Probe (Chrono Boost)  
  78  8:14  Probe (Chrono Boost)  
  78  8:21  Probe (Chrono Boost)  
  78  8:25  Probe (Chrono Boost)  
  80  8:32  Probe (Chrono Boost)  
  81  8:39  Stalker  
  76  8:47  Stalker  
  76  8:48  Stalker  
  56  8:50  Mothership Core (Chrono Boost)  
  56  8:55  Assimilator, Stalker  
  46  9:01  Stalker  
  44  9:08  Pylon  
  46  9:12  Stalker  
  46  9:14  Pylon  
  48  9:17  Pylon  
  48  9:19  Zealot  
  48  9:22  Pylon  
  50  9:31  Mothership Core (Chrono Boost)  
  40  9:33  Stalker  
  40  9:39  Pylon  
  40  9:40  Stalker  
  40  9:42  Pylon  
  40  9:49  Pylon  
  40  9:52  Pylon  
  34  9:54  Cybernetics Core  
  26  10:06  Zealot  
  24  10:42  Nexus  
  22  10:53  Nexus  
Tags
 
Composition
MMM Bio
League
Silver
Matchup
PvT
Spawn Locations
Cross Positions
Add a new tag
Caveats
  • Supply blocks, unpowered buildings, or Contaminate may cause inaccurate times.
  • Supply counts are checked every 10 seconds.